[ AOE2 MATCH · #513830707 ]
UnrankedMuisca vs Khmer
Player's team · LOSS
Rival team · WIN
[ REPLAY ANALYSIS · EXTRACTED FROM THE RECORDED GAME ]
Feudal
11:55
Castle
18:18
Imperial
—
| APM avg | 37.2 |
| APM peak | 147 |
| eAPM avg | 16.1 |
| Villagers / military | 39 / 5 |
Focus
⚔️ 36.7% · 🌾 63.3%
Unknown (2586) ×24 · Monk ×5 · Unknown (2550) ×3
Feudal
10:55
Castle
14:23
Imperial
—
| APM avg | 39.2 |
| APM peak | 83 |
| eAPM avg | 15.2 |
| Villagers / military | 32 / 26 |
Focus
⚔️ 29.6% · 🌾 70.4%
Scout Cavalry ×8 · Scorpion ×7 · Knight ×6 · Monk ×5
Match map
Initial resources + every placement click. Lines = walls · curves = elevation contours. ◆ gold · ⬟ stone · ● berries · ✦ relic · ◌ wall gap
Your base· Open — 4t gap
Zentraedi's base· Open — 6t gap
Smoothed initial terrain · ◌ = detected wall gap · hover for details
Inputs per minute
— niksu - - Zentraedi
Build order — niksu
First 150 of 160 actions detected
| 0:01 | Queue | Villager (Male) |
| 0:01 | Queue | Villager (Male) |
| 0:01 | Queue | Villager (Male) |
| 0:02 | Queue | Villager (Male) |
| 0:02 | Build | House |
| 0:04 | Build | House |
| 1:28 | Queue | Villager (Male) |
| 2:06 | Queue | Villager (Male) |
| 2:09 | Queue | Villager (Male) |
| 2:57 | Queue | Villager (Male) |
| 3:01 | Queue | Villager (Male) |
| 3:15 | Build | Settlement |
| 3:46 | Queue | Villager (Male) |
| 4:22 | Queue | Villager (Male) |
| 4:32 | Queue | Villager (Male) |
| 4:41 | Queue | Villager (Male) |
| 5:11 | Queue | Villager (Male) |
| 5:31 | Build | Barracks |
| 5:40 | Build | Barracks |
| 5:41 | Queue | Villager (Male) |
| 5:47 | Build | House |
| 6:02 | Queue | Villager (Male) |
| 6:07 | Queue | Villager (Male) |
| 6:15 | Build | Palisade Wall |
| 6:19 | Queue | Villager (Male) |
| 6:33 | Queue | Unit 2550 |
| 6:33 | Queue | Unit 2550 |
| 6:38 | Queue | Villager (Male) |
| 7:05 | Queue | Villager (Male) |
| 7:20 | Build | Settlement |
| 7:51 | Build | Farm |
| 7:52 | Queue | Unit 2550 |
| 8:05 | Build | Palisade Wall |
| 8:10 | Build | Palisade Wall |
| 8:50 | Build | House |
| 8:53 | Build | Palisade Wall |
| 8:55 | Queue | Villager (Male) |
| 8:56 | Queue | Villager (Male) |
| 9:11 | Research | Loom |
| 9:39 | Build | Palisade Wall |
| 9:45 | Research | Feudal Age |
| 11:08 | Build | Farm |
| 11:10 | Build | Farm |
| 11:29 | Queue | Villager (Male) |
| 11:32 | Build | Farm |
| 11:55 | Age | Feudal Age |
| 12:02 | Research | Double-Bit Axe |
| 12:03 | Queue | Villager (Male) |
| 12:35 | Build | Market |
| 12:37 | Build | House |
| 12:43 | Queue | Villager (Male) |
| 12:47 | Build | Farm |
| 12:50 | Build | Farm |
| 12:58 | Build | Outpost |
| 13:09 | Queue | Villager (Male) |
| 13:22 | Build | Settlement |
| 13:25 | Build | Palisade Wall |
| 13:26 | Build | Palisade Wall |
| 13:27 | Build | Palisade Wall |
| 13:27 | Build | Palisade Wall |
| 13:27 | Build | Palisade Wall |
| 13:28 | Build | Palisade Wall |
| 13:28 | Build | Palisade Wall |
| 13:28 | Build | Palisade Wall |
| 13:29 | Build | Palisade Wall |
| 13:30 | Build | Palisade Wall |
| 13:35 | Build | Palisade Wall |
| 13:39 | Build | Palisade Wall |
| 13:44 | Build | Palisade Wall |
| 13:55 | Queue | Villager (Male) |
| 13:57 | Queue | Villager (Male) |
| 14:11 | Queue | Villager (Male) |
| 14:22 | Build | Outpost |
| 14:44 | Build | Palisade Wall |
| 14:51 | Build | Blacksmith |
| 14:57 | Build | Palisade Wall |
| 15:06 | Build | Settlement |
| 15:13 | Queue | Villager (Male) |
| 15:38 | Research | Castle Age |
| 15:47 | Build | Barracks |
| 16:12 | Research | Scale Mail Armor |
| 16:16 | Build | Outpost |
| 16:18 | Build | Outpost |
| 16:21 | Build | Farm |
| 16:27 | Research | Horse Collar |
| 16:35 | Build | Farm |
| 16:38 | Build | Farm |
| 17:05 | Build | Farm |
| 17:12 | Build | Farm |
| 17:44 | Research | Forging |
| 17:47 | Queue | Villager (Male) |
| 17:51 | Build | Farm |
| 18:02 | Build | Barracks |
| 18:18 | Age | Castle Age |
| 18:21 | Queue | Unit 2586 |
| 18:21 | Queue | Unit 2586 |
| 18:27 | Research | Chain Mail Armor |
| 18:34 | Queue | Villager (Male) |
| 18:37 | Build | Monastery |
| 18:47 | Build | Outpost |
| 19:11 | Queue | Unit 2586 |
| 19:12 | Queue | Unit 2586 |
| 19:12 | Queue | Unit 2586 |
| 19:12 | Queue | Unit 2586 |
| 19:26 | Queue | Monk |
| 19:39 | Research | Fletching |
| 19:52 | Queue | Unit 2586 |
| 19:53 | Queue | Unit 2586 |
| 20:13 | Build | Settlement |
| 20:18 | Build | Stone Wall |
| 20:21 | Build | Stone Wall |
| 20:23 | Queue | Unit 2586 |
| 20:23 | Queue | Unit 2586 |
| 20:39 | Queue | Unit 2586 |
| 21:07 | Queue | Villager (Male) |
| 21:25 | Build | Farm |
| 21:25 | Build | Farm |
| 21:25 | Build | Farm |
| 21:25 | Build | Farm |
| 21:28 | Build | Farm |
| 21:29 | Build | Farm |
| 21:29 | Build | Farm |
| 21:29 | Build | Farm |
| 21:33 | Queue | Villager (Male) |
| 21:39 | Queue | Unit 2586 |
| 21:39 | Queue | Unit 2586 |
| 21:39 | Queue | Unit 2586 |
| 21:48 | Build | House |
| 21:51 | Build | Stone Wall |
| 21:59 | Build | Stone Wall |
| 22:06 | Queue | Unit 2586 |
| 22:06 | Queue | Unit 2586 |
| 22:06 | Queue | Unit 2586 |
| 22:07 | Queue | Unit 2586 |
| 22:19 | Queue | Villager (Male) |
| 22:26 | Queue | Monk |
| 22:34 | Build | Farm |
| 22:44 | Queue | Villager (Male) |
| 23:05 | Queue | Monk |
| 23:33 | Queue | Monk |
| 24:02 | Build | Settlement |
| 24:03 | Build | Farm |
| 24:03 | Build | Farm |
| 24:03 | Build | Farm |
| 24:04 | Build | Farm |
| 24:13 | Build | Market |
| 24:17 | Queue | Villager (Male) |
| 24:18 | Queue | Villager (Male) |
| 24:45 | Queue | Monk |
| 25:04 | Queue | Unit 2586 |
Build order — Zentraedi
107 actions detected in the replay
| 0:02 | Queue | Villager (Male) ×4 |
| 0:04 | Build | House |
| 0:06 | Build | House |
| 1:24 | Queue | Villager (Male) |
| 1:25 | Queue | Villager (Male) |
| 2:10 | Queue | Villager (Male) |
| 2:10 | Queue | Villager (Male) |
| 2:56 | Queue | Villager (Male) |
| 2:56 | Queue | Villager (Male) |
| 3:23 | Queue | Villager (Male) |
| 3:47 | Queue | Villager (Male) |
| 4:04 | Build | House |
| 4:24 | Queue | Villager (Male) |
| 4:24 | Queue | Villager (Male) |
| 4:24 | Queue | Villager (Male) |
| 5:42 | Queue | Villager (Male) |
| 5:42 | Queue | Villager (Male) |
| 5:43 | Queue | Villager (Male) |
| 5:43 | Queue | Villager (Male) |
| 5:49 | Build | Mill |
| 6:28 | Build | Lumber Camp |
| 7:02 | Build | House |
| 7:06 | Research | Loom |
| 7:06 | Queue | Villager (Male) |
| 7:06 | Queue | Villager (Male) |
| 7:07 | Queue | Villager (Male) |
| 7:47 | Build | Palisade Wall |
| 7:51 | Build | Palisade Wall |
| 7:53 | Build | Palisade Wall |
| 7:54 | Build | Palisade Wall |
| 8:10 | Build | Palisade Wall |
| 8:29 | Research | Feudal Age |
| 8:36 | Build | Mining Camp |
| 10:55 | Age | Feudal Age |
| 11:12 | Build | Watch Tower |
| 11:24 | Build | Palisade Wall |
| 11:24 | Build | Palisade Wall |
| 11:25 | Build | Palisade Wall |
| 11:26 | Build | Palisade Wall |
| 11:27 | Build | Palisade Wall |
| 11:44 | Research | Castle Age |
| 12:20 | Build | Stable |
| 12:40 | Research | Double-Bit Axe |
| 13:14 | Research | Bloodlines |
| 14:23 | Age | Castle Age |
| 14:24 | Build | Farm |
| 14:29 | Build | House |
| 14:32 | Queue | Knight |
| 14:45 | Queue | Villager (Male) |
| 14:54 | Build | Farm |
| 14:56 | Build | Farm |
| 15:00 | Build | Farm |
| 15:03 | Build | Farm |
| 15:04 | Build | Farm |
| 15:17 | Queue | Knight |
| 15:38 | Build | Farm |
| 15:42 | Build | Palisade Gate |
| 15:49 | Build | Farm |
| 15:52 | Build | Farm |
| 16:04 | Queue | Knight |
| 16:22 | Queue | Villager (Male) |
| 16:39 | Queue | Knight |
| 17:05 | Build | Siege Workshop |
| 17:08 | Queue | Villager (Male) |
| 17:10 | Build | House |
| 17:13 | Queue | Knight |
| 17:31 | Build | House |
| 17:37 | Queue | Villager (Male) |
| 17:49 | Queue | Scorpion |
| 18:03 | Queue | Knight |
| 18:11 | Build | Monastery |
| 18:27 | Queue | Scorpion |
| 19:26 | Queue | Monk |
| 20:12 | Queue | Scorpion |
| 20:13 | Queue | Monk |
| 20:17 | Build | House |
| 21:08 | Queue | Monk |
| 21:11 | Build | Blacksmith |
| 21:12 | Queue | Scout Cavalry |
| 21:13 | Queue | Scout Cavalry |
| 21:15 | Queue | Villager (Male) |
| 21:15 | Queue | Villager (Male) |
| 21:20 | Research | Gold Mining |
| 21:42 | Queue | Scorpion |
| 21:46 | Queue | Scorpion |
| 21:56 | Queue | Monk |
| 22:46 | Queue | Scout Cavalry |
| 22:46 | Queue | Scout Cavalry |
| 23:09 | Research | Scale Barding Armor |
| 23:19 | Build | House |
| 23:21 | Build | House |
| 23:25 | Build | House |
| 23:27 | Queue | Villager (Male) |
| 23:28 | Build | Farm |
| 23:52 | Queue | Scout Cavalry |
| 24:07 | Queue | Scorpion |
| 24:43 | Research | Forging |
| 24:45 | Queue | Scout Cavalry |
| 24:45 | Queue | Scout Cavalry |
| 24:51 | Queue | Villager (Male) |
| 25:35 | Queue | Monk |
| 25:56 | Research | Light Cavalry (upgrade) |
| 26:15 | Queue | Villager (Male) |
| 26:15 | Queue | Villager (Male) |
| 26:25 | Build | Mining Camp |
| 26:50 | Queue | Scorpion |
| 26:55 | Queue | Scout Cavalry |
Match timeline
| 5:31 | niksu · first_building Barracks |
| 6:15 | niksu · wall_segment Palisade Wall x1 |
| 7:47 | Zentraedi · wall_segment Palisade Wall x6 |
| 7:51 | Zentraedi · wall_segment Palisade Wall x6 |
| 7:53 | Zentraedi · wall_segment Palisade Wall x3 |
| 7:54 | Zentraedi · wall_segment Palisade Wall x6 |
| 8:05 | niksu · wall_segment Palisade Wall x2 |
| 8:10 | Zentraedi · wall_segment Palisade Wall x3 |
| 8:10 | niksu · wall_segment Palisade Wall x4 |
| 8:53 | niksu · wall_segment Palisade Wall x3 |
| 9:39 | niksu · wall_segment Palisade Wall x12 |
| 10:55 | Zentraedi · age_up feudal |
| 11:24 | Zentraedi · wall_segment Palisade Wall x1 |
| 11:24 | Zentraedi · wall_segment Palisade Wall x1 |
| 11:25 | Zentraedi · wall_segment Palisade Wall x1 |
| 11:26 | Zentraedi · wall_segment Palisade Wall x1 |
| 11:27 | Zentraedi · wall_segment Palisade Wall x1 |
| 11:55 | niksu · age_up feudal |
| 12:20 | Zentraedi · first_building Stable |
| 13:25 | niksu · wall_segment Palisade Wall x1 |
| 13:26 | niksu · wall_segment Palisade Wall x1 |
| 13:27 | niksu · wall_segment Palisade Wall x1 |
| 13:27 | niksu · wall_segment Palisade Wall x2 |
| 13:27 | niksu · wall_segment Palisade Wall x1 |
| 13:28 | niksu · wall_segment Palisade Wall x1 |
| 13:28 | niksu · wall_segment Palisade Wall x2 |
| 13:28 | niksu · wall_segment Palisade Wall x1 |
| 13:29 | niksu · wall_segment Palisade Wall x1 |
| 13:30 | niksu · wall_segment Palisade Wall x1 |
| 13:35 | niksu · wall_segment Palisade Wall x4 |
| 13:39 | niksu · wall_segment Palisade Wall x4 |
| 13:44 | niksu · wall_segment Palisade Wall x1 |
| 14:23 | Zentraedi · age_up castle |
| 14:36 | niksu · first_market_sell 100 stone |
| 14:37 | niksu · first_market_buy 100 food |
| 14:44 | niksu · wall_segment Palisade Wall x4 |
| 14:57 | niksu · wall_segment Palisade Wall x7 |
| 17:05 | Zentraedi · first_building Siege Workshop |
| 18:11 | Zentraedi · first_building Monastery |
| 18:18 | niksu · age_up castle |
| 18:37 | niksu · first_building Monastery |
| 20:18 | niksu · wall_segment Stone Wall x2 |
| 20:21 | niksu · wall_segment Stone Wall x5 |
| 21:51 | niksu · wall_segment Stone Wall x1 |
| 21:59 | niksu · wall_segment Stone Wall x1 |
| 27:50 | niksu · resign |
[ AI ANALYSIS · 1 CREDIT ]
What really happened in this match?
Wolo.gg analyzes every decision: build order, eco, micro, common mistakes by bracket. Personalized analysis on WhatsApp or Discord in 30 seconds.
Civ guide
Muisca
Perfil
Jugador #1885593